 Dungeon Crawl Stone Soup version 0.27-a0-931-g5a74e75d8f (webtiles) character file.

Game seed: 5107564488902299350

5 Alarkh the Insei (level 1, 0/16 HPs)
             Began as a Demonspawn Gladiator on Apr 10, 2021.
             Slain by a kobold
             ... wielding a +0 whip
              (1 damage)
             ... on level 1 of the Dungeon.
             The game lasted 00:00:18 (165 turns).

Alarkh the Insei (Demonspawn Gladiator)              Turns: 165, Time: 00:00:18

Health: 0/16       AC:  4    Str: 14    XL:     1   Next: 66%
Magic:  1/1        EV: 12    Int:  9    God:
Gold:   0          SH:  0    Dex: 14    Spells: 0/0 levels left

rFire    . . .     SeeInvis .     - Unarmed
rCold    . . .     Faith    .   (no shield)
rNeg     . . .     Spirit   .   a - +0 leather armour
rPois    .         Reflect  .   b - +0 helmet
rElec    .         Harm     .   (no cloak)
rCorr    .         Rampage  .   (no gloves)
Will     .....                  (no boots)
Stlth    +.........             (no amulet)
HPRegen  0.05/turn              (no ring)
MPRegen  0.07/turn              (no ring)

@: no status effects
A: no striking features
a: no special abilities


You were on level 1 of the Dungeon.
You visited 1 branch of the dungeon, and saw 1 of its levels.

Inventory:

Missiles
 c - 3 throwing nets (quivered)
Armour
 a - a +0 leather armour (worn)
 b - a +0 helmet (worn)


   Skills:
 + Level 2.1 Fighting
 - Level 1.7 Throwing
 - Level 2.6 Dodging
 * Level 2.9 Unarmed Combat


You couldn't memorise any spells.
You didn't know any spells.
Your spell library was empty.

Dungeon Overview and Level Annotations

Branches:
Dungeon (1/15)

Altars:


Message History

You hit the bat.
The bat is severely wounded.
The bat hits you but does no damage. The bat misses you.
You barely miss the bat.
The bat is severely wounded.
The bat hits you but does no damage.
You hit the bat.
You kill the bat!
You barely miss the quokka. The quokka bites you. x2
You closely miss the quokka. The quokka barely misses you.
You closely miss the quokka. The quokka barely misses you.
You barely miss the quokka. The quokka closely misses you.
You aren't carrying any potions.
You closely miss the quokka. The quokka barely misses you.
You hit the quokka.
The quokka is severely wounded.
The quokka closely misses you.
You hit the quokka.
You kill the quokka!
You barely miss the ball python. The ball python barely misses you.
The ball python grabs you. The ball python constricts you.
The ball python closely misses you.
* * * LOW HITPOINT WARNING * * *
The ball python constricts you.
You hit the ball python.
You kill the ball python!
You hit the kobold but do no damage. The kobold barely misses you.
You barely miss the kobold. The kobold closely misses you.
You closely miss the kobold. The kobold hits you with a +0 whip.
* * * LOW HITPOINT WARNING * * *
You hit the kobold.
The kobold is severely wounded.
The kobold barely misses you.
You hit the kobold but do no damage.
The kobold is severely wounded.
The kobold hits you but does no damage.
You closely miss the kobold.
The kobold is severely wounded.
The kobold hits you with a +0 whip.
You die...

#.#.#
##.#...#...#
#...#
#......#...#
##..#
#....#.#...# #..#
#..........#
##.##
#...#####..# #..#
#...K.S).K.#
#..###....####S##
###...##..K.# #K#
....#.##(...# #@#
............# #.#
............# #.#
............# #.#
............# #.#
..........#.# #.#
..........#.# #.#
..........#.# #.#
..........#


You could see a ball python and 2 kobolds.

Vanquished Creatures
  A ball python (D:1)
  A bat (D:1)
  A quokka (D:1)
  2 rats (D:1)
5 creatures vanquished.

Notes
Turn   | Place    | Note
-------+----------+-------------------------------------------
     0 | D:1      | Alarkh the Demonspawn Gladiator began the quest for the
                  | Orb.
     0 | D:1      | Reached XP level 1. HP: 16/16 MP: 1/1
   165 | D:1      | Slain by a kobold

Illustrated notes

Levels and vault maps discovered:
D:1:      saegor_arrival_simple_d, layout_basic, wad_floor_pattern_1

Action                   || total
-------------------------++-------
Melee: Unarmed           ||    30
Armor: Leather armour    ||    16
Dodge: Dodged            ||    38

Table legend: (Time is in decaauts)
 A = Elapsed time spent in this place.
 B = Non-inter-level travel time spent in this place.
 C = Inter-level travel time spent in this place.
 D = Time resting spent in this place.
 E = Time spent auto-exploring this place.
 F = Levels seen in this place.
 G = Mean time per level.
                   A        B        C        D        E       F      G
               +--------+--------+--------+--------+--------+-----+--------+
         Total |    163 |    163 |      0 |      0 |    109 |   1 |  163.0 |
       Dungeon |    163 |    163 |      0 |      0 |    109 |   1 |  163.0 |
               +--------+--------+--------+--------+--------+-----+--------+

Top non-repeatable levels by time:
     D:1: 163 daAuts
